 Dungeon Crawl Stone Soup version 0.30.1-4-g462c640d31 (webtiles) character file.

Game seed: 12543411152199293522

4 rvierbuc the Blocker (level 1, 0/17 HPs)
             Began as a Gnoll Wanderer on Aug 21, 2023.
             Killed from afar by a dart slug (3 damage)
             ... with a slug dart
             ... on level 1 of the Dungeon.
             The game lasted 00:01:35 (78 turns).

rvierbuc the Blocker (Gnoll Wanderer)                 Turns: 78, Time: 00:01:35

Health: 0/17       AC:  3    Str:  9    XL:     1   Next: 60%
Magic:  6/6        EV: 10    Int:  8    God:
Gold:   32         SH:  8    Dex: 16    Spells: 8/9 levels left

rFire   . . .        a - +0 dagger
rCold   . . .        e - +2 buckler
rNeg    . . .        d - +0 leather armour
rPois   .            (no helmet)
rElec   .            (no cloak)
rCorr   .            (no gloves)
SInv    .            (no boots)
Will    .....        (no amulet)
Stlth   +            (no ring)
HPRegen 0.22/turn    (no ring)
MPRegen 0.10/turn

%: no passive effects
@: no status effects
A: fangs 1, strong nose, distributed training
a: no special abilities


You were on level 1 of the Dungeon.
You visited 1 branch of the dungeon, and saw 1 of its levels.

You collected 32 gold pieces.

Inventory:

Hand Weapons
 a - a +0 dagger (weapon)
Armour
 d - a +0 leather armour (worn)
 e - a +2 buckler (worn)
Scrolls
 f - 2 scrolls of poison {unknown}
 g - a scroll of enchant weapon {unknown}
Potions
 b - a potion of curing
 c - a potion of attraction


   Skills:
 + Level 2.4 Fighting
 + Level 0.1 Short Blades
 + Level 0.1 Long Blades
 + Level 0.1 Axes
 + Level 0.1 Maces & Flails
 + Level 0.1 Polearms
 + Level 0.1 Staves
 + Level 0.1 Ranged Weapons
 + Level 0.1 Throwing
 + Level 2.4 Armour
 + Level 0.1 Dodging
 + Level 0.1 Stealth
 + Level 8.4 Shields
 + Level 0.1 Unarmed Combat
 + Level 4.9 Spellcasting
 + Level 0.1 Conjurations
 + Level 0.1 Hexes
 + Level 3.6 Summonings
 + Level 0.1 Necromancy
 + Level 0.1 Translocations
 + Level 0.1 Transmutations
 + Level 0.1 Fire Magic
 + Level 0.1 Ice Magic
 + Level 0.1 Air Magic
 + Level 0.1 Earth Magic
 + Level 0.1 Poison Magic
 + Level 0.2 Invocations
 + Level 0.1 Evocations


You had 8 spell levels left.
You knew the following spells:

 Your Spells              Type           Power      Damage    Failure   Level
a - Summon Small Mammal   Summ           28%        N/A       11%         1

Your spell library contained the following spells:

 Spells                   Type           Power      Damage    Failure   Level
 Call Canine Familiar     Summ           7%         N/A       32%         3
 Inner Flame              Hex/Fire       2%         N/A       80%         3
 Flame Wave               Conj/Fire      2%         2d4       99%         4
 Sticky Flame             Conj/Fire      2%         2d3       99%         4


Dungeon Overview and Level Annotations

Branches:
Dungeon (1/15)

Altars:


Innate Abilities, Weirdness & Mutations

You have very sharp teeth.
Your uncanny sense of smell can sniff out nearby items.
Your experience applies equally to all skills.


Message History

You hit the quokka but do no damage. You bite the quokka, but do no damage.
The quokka is almost dead.
The quokka bites you but does no damage.
The endoplasm hits you but does no damage.
The frilled lizard completely misses you.
You block the quokka's attack.
You hit the quokka.
You kill the quokka!
The endoplasm hits you but does no damage.
The frilled lizard bites you but does no damage.
You hit the endoplasm but do no damage.
The endoplasm is almost dead.
The endoplasm barely misses you. The frilled lizard closely misses you.
You barely miss the endoplasm.
The endoplasm is almost dead.
The endoplasm freezes you.
You are frozen.
* * * LOW HITPOINT WARNING * * *
The frilled lizard bites you but does no damage.
You hit the endoplasm.
You kill the endoplasm!
You block the frilled lizard's attack.
You miss the frilled lizard. The frilled lizard bites you.
* * * LOW HITPOINT WARNING * * *
You closely miss the frilled lizard. The frilled lizard barely misses you.
You closely miss the frilled lizard. You block the frilled lizard's attack.
You hit the frilled lizard but do no damage.
The frilled lizard barely misses you.
The frilled lizard attacks as you move away!
You block the frilled lizard's attack.
You hit the frilled lizard.
You kill the frilled lizard!
Found an escape hatch in the floor.
You now have 32 gold pieces (gained 9).
A dart slug comes into view.
You see here a scroll labelled BADEZ HEOKOOB.
g - a scroll labelled BADEZ HEOKOOB The dart slug launches a dart at you.
The slug dart hits you.
You die...

....... #...w..>..
#...........
#...........
#..........∆
######........ ....
#..)........#.. ...
##....@........ ...
............#######...
###.#.##.........#..#
#... #######......#
#.. ###b.##.#.# #..#
####...###.#.# #.#
#....#####...#### ..
#..##.............
#.#>###......#...†..


You could see a dart slug.

Vanquished Creatures
  An endoplasm (D:1)
  A quokka (D:1)
  A bat (D:1)
  A frilled lizard (D:1)
4 creatures vanquished.

Notes
Turn   | Place    | Note
-------+----------+-------------------------------------------
     0 | D:1      | rvierbuc the Gnoll Wanderer began the quest for the Orb.
     0 | D:1      | rvierbuc set off with the following items: a +0 dagger, a
                  | potion of curing, a potion of attraction, a +0 leather
                  | armour, a +2 buckler; and the following spell memorised:
                  | Summon Small Mammal; and the following spells available to
                  | memorise: Call Canine Familiar.
     0 | D:1      | Reached XP level 1. HP: 17/17 MP: 6/6
    78 | D:1      | Killed from afar by a dart slug

Illustrated notes

Levels and vault maps discovered:
D:1:      onia_arrival_pentagram, layout_rooms, ebering_ecumenical_altar_webs,
          minmay_misc_feat_tower

Action                     || total
---------------------------++-------
  Melee: Dagger            ||    22
         Bite              ||     3
   Cast: Summon Small Mamm ||     3
 Armour: Leather armour    ||    12
  Dodge: Dodged            ||    13
  Block: Buckler           ||    13
